[Event "Titled Tuesday Blitz August 22 Early 2023"]
[White "Kosakowski, Jakub"]
[Black "Gontcharov, Vladislav"]
[WhiteFideId "1185080"]
[BlackFideId "4123492"]
[WhiteElo "2808"]
[BlackElo "2570"]
[Result "1-0"]
[Round "8"]
[TimeControl "180+1"]
[Date "2023.08.22"]
[WhiteClock "0:01:56"]
[BlackClock "0:00:00"]
[Board "37"]

1. d4 Nf6 2. Nf3 e6 3. e3 c5 4. Bd3 b6 5. c4 Bb7 6. Nc3 d5 7. cxd5 cxd4 8. Bb5+ Nbd7 9. dxe6 fxe6 10. Nxd4 Qe7 11. O-O a6 12. Bc4 e5 13. Nf5 Qc5 14. Bb3 O-O-O 15. e4 g6 16. Be3 Qc7 17. Ng3 Kb8 18. Qe2 Nc5 19. Nd5 Nxd5 20. Bxd5 Bxd5 21. exd5 Rxd5 22. Rfd1 Rxd1+ 23. Rxd1 Bg7 24. b4 Nd7 25. Qxa6 Rd8 26. h3 Qc8 27. Qb5 1-0


[Site "https://www.chess.com"]

[Event "Titled Tuesday Blitz August 22 Early 2023"]
[White "ArtemDyachuk"]
[Black "Adewumi, Tanitoluwa"]
[BlackFideId "30966396"]
[WhiteElo "2545"]
[BlackElo "2802"]
[Result "0-1"]
[Round "8"]
[TimeControl "180+1"]
[Date "2023.08.22"]
[WhiteClock "0:00:03"]
[BlackClock "0:00:57"]
[Board "38"]

1. e4 c5 2. Nf3 e6 3. d4 cxd4 4. Nxd4 Nc6 5. Nc3 Nf6 6. Nxc6 bxc6 7. e5 Nd5 8. Ne4 Qc7 9. f4 Rb8 10. c4 Bb4+ 11. Ke2 O-O 12. Kf3 f6 13. exf6 Nxf6 14. Nf2 d5 15. g3 e5 16. Kg2 exf4 17. Bxf4 Bd6 18. Bxd6 Qxd6 19. Qd2 Qe5 20. Qc3 d4 21. Qd2 Ng4 22. Re1 Rxb2 23. Qxb2 Qxe1 24. Nxg4 Bxg4 25. Rg1 Qe4# 0-1


[Site "https://www.chess.com"]

[Event "Titled Tuesday Blitz August 22 Early 2023"]
[White "Gorovets, Andrey"]
[Black "Koutlas, Nikolaos"]
[WhiteFideId "13504037"]
[BlackFideId "25827138"]
[WhiteElo "2797"]
[BlackElo "2535"]
[Result "1-0"]
[Round "8"]
[TimeControl "180+1"]
[Date "2023.08.22"]
[WhiteClock "0:01:33"]
[BlackClock "0:01:36"]
[Board "39"]

1. d4 d5 2. c4 e6 3. Nf3 Nf6 4. Nc3 c6 5. g3 dxc4 6. Bg2 b5 7. Ne5 Nd5 8. O-O Bb7 9. a4 a6 10. e4 Nxc3 11. bxc3 Be7 12. f4 O-O 13. f5 Nd7 14. Ng4 exf5 15. Rxf5 c5 16. d5 Nb6 17. Nh6+ gxh6 18. Bxh6 Kh8 19. Qh5 Bf6 20. Bxf8 Qxf8 21. Rxf6 1-0


[Site "https://www.chess.com"]

[Event "Titled Tuesday Blitz August 22 Early 2023"]
[White "Krzyzanowski, Marcin"]
[Black "Maus7"]
[WhiteFideId "1132199"]
[WhiteElo "2791"]
[BlackElo "2527"]
[Result "0-1"]
[Round "8"]
[TimeControl "180+1"]
[Date "2023.08.22"]
[WhiteClock "0:00:00"]
[BlackClock "0:00:02"]
[Board "40"]

1. e4 Nc6 2. Nf3 e5 3. Bb5 a6 4. Ba4 Nf6 5. Nc3 d6 6. Bxc6+ bxc6 7. d4 exd4 8. Qxd4 c5 9. Qd3 Be7 10. O-O O-O 11. Bf4 Be6 12. Rad1 Qb8 13. b3 Rd8 14. Rfe1 Qb7 15. h3 h6 16. Bh2 c6 17. Nh4 d5 18. e5 d4 19. Na4 Nd5 20. Nf5 Bf8 21. Nd6 Qb4 22. Bg3 Nc7 23. f4 Nb5 24. f5 Bd5 25. Nc4 Bxc4 26. Qxc4 Qxc4 27. bxc4 Na3 28. e6 Re8 29. Nb6 Ra7 30. Re2 fxe6 31. fxe6 Rb7 32. Na4 Nxc4 33. Bf4 Rb4 34. c3 Rxa4 35. cxd4 cxd4 36. Kh2 Nb6 37. Rc1 Nd5 38. Bg3 c5 39. Rf1 Be7 40. Rf7 Nf6 41. Rb2 d3 42. Rb7 d2 0-1


[Site "https://www.chess.com"]

[Event "Titled Tuesday Blitz August 22 Early 2023"]
[White "Lei, Tingjie"]
[Black "Young_Catalan_Player09"]
[WhiteFideId "8605114"]
[WhiteElo "2772"]
[BlackElo "2422"]
[Result "1-0"]
[Round "8"]
[TimeControl "180+1"]
[Date "2023.08.22"]
[WhiteClock "0:00:47"]
[BlackClock "0:01:25"]
[Board "41"]

1. d4 d5 2. c4 c6 3. cxd5 cxd5 4. Bf4 Nf6 5. Nc3 Nc6 6. e3 a6 7. Bd3 Bg4 8. Nge2 e6 9. O-O Bd6 10. f3 Bh5 11. Rc1 O-O 12. Qd2 Bg6 13. Bxg6 hxg6 14. Rfd1 Rc8 15. Na4 Bxf4 16. Nxf4 Qd6 17. Nc5 Rc7 18. b4 g5 19. Nfd3 g4 20. f4 Rfc8 21. a4 Ne7 22. a5 Nf5 23. Nxb7 Qe7 24. Nbc5 Nd6 25. Nxa6 Nde4 26. Qe1 Rc3 27. Nac5 Rxc1 28. Rxc1 g3 29. Nxe4 Rxc1 30. Nxf6+ Qxf6 31. Qxc1 gxh2+ 32. Kh1 Qh4 33. Qe1 Qf2 1-0


[Site "https://www.chess.com"]

[Event "Titled Tuesday Blitz August 22 Early 2023"]
[White "LeoLV10"]
[Black "Naroditsky, Daniel"]
[BlackFideId "2026961"]
[WhiteElo "2480"]
[BlackElo "3174"]
[Result "0-1"]
[Round "8"]
[TimeControl "180+1"]
[Date "2023.08.22"]
[WhiteClock "0:00:17"]
[BlackClock "0:02:22"]
[Board "42"]

1. e4 c5 2. Nf3 d6 3. d4 cxd4 4. Nxd4 Nf6 5. Nc3 a6 6. Bg5 e6 7. f4 Be7 8. Qf3 Qc7 9. O-O-O Nbd7 10. g4 h6 11. Bxf6 Bxf6 12. h4 Nb6 13. Be2 Bd7 14. g5 Bxd4 15. Rxd4 Bc6 16. Rhd1 O-O-O 17. g6 f5 18. Qh3 Rhf8 19. exf5 exf5 20. Bd3 Kb8 21. Bxf5 d5 22. Kb1 Nc4 23. Bd3 Nxb2 24. Kxb2 Qb6+ 25. Bb5 axb5 26. a3 Qc5 27. Qe6 Rc8 28. Qe5+ Rc7 29. R1d2 Re8 30. Qf5 Qxc3+ 31. Kxc3 Bd7+ 32. Kb4 Bxf5 33. Rxd5 Re4+ 34. Kxb5 Rxf4 35. Rd8+ Ka7 36. R2d4 Rxd4 37. Rxd4 Bxg6 38. c4 Be8+ 39. Kb4 Bf7 40. Rg4 Be6 41. Re4 Rxc4+ 42. Rxc4 Bxc4 43. Kxc4 g5 44. hxg5 hxg5 45. Kd5 Ka6 46. Ke5 Ka5 47. Kf5 Ka4 48. Kxg5 Kxa3 49. Kf4 b5 50. Ke3 b4 51. Kd2 b3 52. Kc1 Ka2 53. Kd2 b2 54. Kc3 b1=Q 0-1


[Site "https://www.chess.com"]

[Event "Titled Tuesday Blitz August 22 Early 2023"]
[White "Drygalov, Sergey"]
[Black "Ovchinnikov, Vsevolod"]
[WhiteFideId "24171743"]
[BlackFideId "24176842"]
[WhiteElo "2951"]
[BlackElo "2656"]
[Result "1-0"]
[Round "8"]
[TimeControl "180+1"]
[Date "2023.08.22"]
[WhiteClock "0:01:41"]
[BlackClock "0:00:01"]
[Board "43"]

1. d4 Nf6 2. c4 g6 3. Nf3 Bg7 4. Nc3 d5 5. cxd5 Nxd5 6. e4 Nxc3 7. bxc3 O-O 8. Be3 c5 9. Rc1 Qa5 10. Qd2 Rd8 11. d5 Nc6 12. h4 e6 13. h5 exd5 14. exd5 Ne7 15. hxg6 hxg6 16. Bh6 Bf6 17. Bg5 Qb6 18. Bc4 Nf5 19. g4 Ng7 20. Qf4 Ne8 21. Qh2 Bxg4 22. d6 Qxd6 23. Qh7+ Kf8 24. Qxf7# 1-0


[Site "https://www.chess.com"]

[Event "Titled Tuesday Blitz August 22 Early 2023"]
[White "SmirnovAlexandrA"]
[Black "Rustemov, Alexander"]
[BlackFideId "4119002"]
[WhiteElo "2654"]
[BlackElo "2863"]
[Result "0-1"]
[Round "8"]
[TimeControl "180+1"]
[Date "2023.08.22"]
[WhiteClock "0:00:05"]
[BlackClock "0:00:10"]
[Board "44"]

1. e4 e6 2. d4 d5 3. Nc3 dxe4 4. Nxe4 Bd7 5. Nf3 Bc6 6. Bd3 Nd7 7. O-O Ngf6 8. Ng3 Be7 9. b3 O-O 10. Bb2 b6 11. c4 Bb7 12. Qe2 c5 13. Rad1 Re8 14. Bb1 Qc7 15. Rfe1 Rad8 16. Ne5 cxd4 17. Nxd7 Rxd7 18. Rxd4 Qc6 19. Ne4 Rxd4 20. Bxd4 Rd8 21. Bc3 Nxe4 22. Bxe4 Qxe4 23. Qxe4 Bxe4 24. Rxe4 Bf6 25. Be1 Rd1 26. Kf1 Bc3 27. f4 Ra1 28. a4 Rb1 29. Kf2 Bxe1+ 30. Rxe1 Rxb3 31. c5 bxc5 32. Rc1 Rb4 33. Rxc5 g6 34. Ra5 Rxf4+ 35. Kg3 Rb4 36. Rxa7 Kg7 37. a5 Ra4 38. a6 g5 39. h3 h5 40. Kf3 h4 41. Kf2 Kg6 42. Kf3 Ra3+ 43. Kf2 Ra2+ 44. Kf3 Ra4 45. Kf2 e5 46. Ra8 Kf5 47. a7 Kf4 48. Ke2 e4 49. Kf1 Ra1+ 50. Ke2 Ra2+ 51. Kf1 e3 52. Ke1 f5 53. Kf1 Kg3 54. Ke1 Kxg2 55. Rg8 Rxa7 56. Rxg5+ Kxh3 57. Rxf5 Kg4 58. Rf7 Rxf7 0-1


[Site "https://www.chess.com"]

[Event "Titled Tuesday Blitz August 22 Early 2023"]
[White "Lenderman, Aleksandr"]
[Black "Haug, Havard"]
[WhiteFideId "2021285"]
[BlackFideId "1547887"]
[WhiteElo "2846"]
[BlackElo "2645"]
[Result "1-0"]
[Round "8"]
[TimeControl "180+1"]
[Date "2023.08.22"]
[WhiteClock "0:01:00"]
[BlackClock "0:00:00"]
[Board "45"]

1. Nf3 d5 2. b3 c5 3. Bb2 Nf6 4. e3 e6 5. c4 Nc6 6. cxd5 exd5 7. Bb5 Be7 8. O-O O-O 9. d4 Ne4 10. dxc5 Nxc5 11. Nc3 Be6 12. Rc1 Rc8 13. Bxc6 bxc6 14. Qd4 Nd7 15. Nxd5 Nf6 16. Nxe7+ Qxe7 17. Qh4 Rfd8 18. Bxf6 Qxf6 19. Qxf6 gxf6 20. Nd4 c5 21. Nxe6 fxe6 22. Rc2 Kf7 23. Rfc1 Ke7 24. g3 Rd5 25. b4 Kd6 26. Rc4 f5 27. a4 a6 28. Kg2 Rc7 29. R1c2 Rc6 30. Kf3 e5 31. h3 Rc8 32. Kg2 e4 33. g4 Ke6 34. gxf5+ Rxf5 35. bxc5 Kd5 36. c6 Rg5+ 37. Kh2 Kd6 38. Rd4+ Kc7 39. Rd7+ Kb6 40. Rb7+ Ka5 41. c7 Rcg8 42. Rb1 Rc8 43. Rc4 Rg7 44. Rbc1 Kb6 45. Rxe4 Rgxc7 46. Rxc7 Rxc7 47. f4 a5 48. f5 Kc5 49. Kg3 Kd5 50. Kf4 Rb7 51. Rd4+ Kc5 52. f6 Rb1 53. Ke5 Rg1 54. f7 Rf1 55. Rf4 Re1 56. f8=Q+ 1-0


[Site "https://www.chess.com"]

[Event "Titled Tuesday Blitz August 22 Early 2023"]
[White "Maltsevskaya, Aleksandra"]
[Black "Galchenko, Matvey"]
[WhiteFideId "24174041"]
[BlackFideId "24175480"]
[WhiteElo "2641"]
[BlackElo "2839"]
[Result "0-1"]
[Round "8"]
[TimeControl "180+1"]
[Date "2023.08.22"]
[WhiteClock "0:00:00"]
[BlackClock "0:02:22"]
[Board "46"]

1. Nf3 c5 2. g3 g6 3. Bg2 Bg7 4. d3 Nc6 5. Nbd2 e6 6. O-O Nge7 7. e4 O-O 8. Nc4 d5 9. exd5 exd5 10. Ne3 h6 11. a4 Be6 12. Re1 Qd7 13. c3 d4 14. cxd4 Nxd4 15. Nxd4 Bxd4 16. Nc4 Bg7 17. Ne5 Qc7 18. Qe2 Nf5 19. Nxg6 Nd4 20. Qd1 fxg6 21. Be3 Bb3 0-1


[Site "https://www.chess.com"]

[Event "Titled Tuesday Blitz August 22 Early 2023"]
[White "Boarish_Male"]
[Black "Yanchenko, Roman"]
[BlackFideId "4137329"]
[WhiteElo "2609"]
[BlackElo "2815"]
[Result "0-1"]
[Round "8"]
[TimeControl "180+1"]
[Date "2023.08.22"]
[WhiteClock "0:00:00"]
[BlackClock "0:00:40"]
[Board "48"]

1. e4 e6 2. d4 d5 3. Nd2 c5 4. exd5 exd5 5. Ngf3 Nc6 6. Bb5 c4 7. O-O Bd6 8. Re1+ Ne7 9. Bxc6+ bxc6 10. Nf1 O-O 11. c3 Bf5 12. Ng3 Bg6 13. Ne5 f6 14. Nxg6 hxg6 15. Qc2 Qd7 16. Bd2 Rfe8 17. b3 cxb3 18. axb3 Kf7 19. c4 Bxg3 20. hxg3 Nf5 21. Bc3 Nd6 22. Bb4 Rxe1+ 23. Rxe1 Re8 24. Rxe8 Nxe8 25. Bc5 a6 26. Qa2 Qb7 27. Qa3 Nc7 28. Qb4 Qxb4 29. Bxb4 Ne6 30. Bc3 Ke7 31. Kf1 Kd6 32. Ke2 c5 33. Kd3 Kc6 34. f3 f5 35. dxc5 Nxc5+ 36. Kc2 dxc4 37. bxc4 Ne6 38. Bb4 g5 39. Kd3 g6 40. Be7 a5 41. Kc3 g4 42. fxg4 fxg4 43. Bf6 Nc5 44. Be5 Ne6 45. Kb3 Kb6 46. Kc3 Kb7 47. Kb3 Kc6 48. Kc3 Nc5 49. Bg7 Ne4+ 50. Kd4 Nxg3 51. Ke5 a4 52. Bf8 Nf5 0-1


[Site "https://www.chess.com"]

[Event "Titled Tuesday Blitz August 22 Early 2023"]
[White "Ibadov, Dashgyn"]
[Black "Cherniaiev, Tykhon"]
[WhiteFideId "24107514"]
[BlackFideId "14182360"]
[WhiteElo "2595"]
[BlackElo "2797"]
[Result "0-1"]
[Round "8"]
[TimeControl "180+1"]
[Date "2023.08.22"]
[WhiteClock "0:00:00"]
[BlackClock "0:00:26"]
[Board "49"]

1. e4 e5 2. Nf3 Nc6 3. d4 exd4 4. Nxd4 Nf6 5. Nxc6 bxc6 6. e5 Nd5 7. c4 Nb6 8. Bd3 g6 9. O-O Bg7 10. Nc3 O-O 11. Re1 d6 12. exd6 cxd6 13. Qc2 Be6 14. b3 d5 15. c5 Nd7 16. Bb2 Nxc5 17. Bf1 Qg5 18. Rad1 Bg4 19. Ne2 Bxb2 20. Qxb2 Rfe8 21. Qc2 Ne4 22. Qxc6 Nxf2 23. Rxd5 Qe3 24. Qc5 Qxc5 25. Rxc5 Nd3 26. Rc4 Be6 27. Rd1 Nb2 28. Rdc1 Nxc4 29. bxc4 Rac8 30. Nd4 Kg7 31. a4 Bxc4 32. Bxc4 Re4 33. Nb5 Rexc4 34. Rd1 Rc1 35. Rxc1 Rxc1+ 36. Kf2 a6 37. Nd4 Rc4 0-1


[Site "https://www.chess.com"]

[Event "Titled Tuesday Blitz August 22 Early 2023"]
[White "Materia, Marco"]
[Black "Borgaonkar Akshay"]
[WhiteFideId "45150451"]
[BlackFideId "25639110"]
[WhiteElo "2786"]
[BlackElo "2594"]
[Result "1-0"]
[Round "8"]
[TimeControl "180+1"]
[Date "2023.08.22"]
[WhiteClock "0:01:29"]
[BlackClock "0:00:21"]
[Board "50"]

1. d4 Nf6 2. c4 g6 3. Nc3 Bg7 4. e4 O-O 5. Be3 d6 6. h3 c5 7. d5 e6 8. Nf3 exd5 9. cxd5 Re8 10. Nd2 Nbd7 11. Be2 b6 12. O-O Bb7 13. Qc2 Rc8 14. Nb5 Qe7 15. Nxa7 Ra8 16. Nb5 Nxe4 17. Nc7 Nxd2 18. Qxd2 Nf6 19. Nxa8 Rxa8 20. Bf3 Ne4 21. Qd3 f5 22. Bxe4 fxe4 23. Qb3 Ba6 24. Rfd1 b5 25. a3 Qe5 26. Rd2 c4 27. Qc2 c3 28. Bd4 Qxd4 29. Rxd4 Bxd4 30. bxc3 Bc5 31. Qxe4 Rf8 32. Ra2 Bb7 33. Qe6+ Kg7 34. Qd7+ Rf7 35. Qxb5 Bxd5 36. Rd2 Rb7 37. Qe2 Bf7 38. a4 Rb1+ 39. Kh2 Ra1 40. Qb5 Ra3 41. a5 Rxc3 42. Qb2 1-0


[Site "https://www.chess.com"]

[Event "Titled Tuesday Blitz August 22 Early 2023"]
[White "Leiva, Gianmarco"]
[Black "Arabidze, Meri"]
[WhiteFideId "3804399"]
[BlackFideId "13604040"]
[WhiteElo "2740"]
[BlackElo "2592"]
[Result "1-0"]
[Round "8"]
[TimeControl "180+1"]
[Date "2023.08.22"]
[WhiteClock "0:00:39"]
[BlackClock "0:00:00"]
[Board "51"]

1. e4 c5 2. Nf3 e6 3. c3 d5 4. e5 Qb6 5. d4 Bd7 6. Bd3 Bb5 7. O-O Bxd3 8. Qxd3 Nc6 9. a3 c4 10. Qe2 Nge7 11. Nh4 Na5 12. Nd2 g6 13. f4 Nf5 14. Nxf5 gxf5 15. Qh5 Qc7 16. Nf3 Nb3 17. Rb1 O-O-O 18. Be3 h6 19. Bf2 Rh7 20. Bh4 Be7 21. Bf6 Rg8 22. Ng5 Bxf6 23. Nxh7 Bd8 24. Rf2 Rg6 25. Re1 Qe7 26. Kh1 Qh4 27. Qxh4 Bxh4 28. g3 Be7 29. Kg2 Rg7 30. Nf6 Bxf6 31. exf6 Rg6 32. Kf3 Rxf6 33. h3 h5 34. g4 fxg4+ 35. hxg4 hxg4+ 36. Kxg4 Rg6+ 37. Kf3 Rh6 38. Rg1 Kd7 39. f5 Rf6 40. Kg4 Ke7 41. Kg5 a5 42. Rh1 b5 43. Rh8 Nc1 44. Re8+ Kxe8 45. Kxf6 Nd3 46. Re2 Kd7 47. fxe6+ fxe6 48. Rxe6 Nxb2 49. Rb6 Nd1 50. Rxb5 Nxc3 51. Rxa5 Kd6 52. Ra6+ Kc7 53. Ke5 Kb7 54. Rh6 Kc7 55. Rh3 Ne2 56. Re3 Nc1 57. Kxd5 Kb6 58. Kxc4 Na2 59. Re1 1-0


[Site "https://www.chess.com"]

[Event "Titled Tuesday Blitz August 22 Early 2023"]
[White "carokannlover213"]
[Black "Badelka, Olga"]
[BlackFideId "13509926"]
[WhiteElo "2715"]
[BlackElo "2567"]
[Result "0-1"]
[Round "8"]
[TimeControl "180+1"]
[Date "2023.08.22"]
[WhiteClock "0:00:02"]
[BlackClock "0:00:06"]
[Board "52"]

1. e4 e5 2. Nf3 Nc6 3. Bb5 Nf6 4. O-O Nxe4 5. Re1 Nd6 6. Nxe5 Nxe5 7. Rxe5+ Be7 8. Bf1 O-O 9. d4 Bf6 10. Re1 Re8 11. c3 Rxe1 12. Qxe1 Nf5 13. d5 d6 14. Nd2 g6 15. Ne4 Be7 16. Bd3 Bd7 17. Bf4 Qf8 18. Qd2 Re8 19. a4 Ng7 20. Bh6 f5 21. Ng5 Bf6 22. a5 Qe7 23. Nf3 a6 24. Rc1 Nh5 25. b4 Bg7 26. Bg5 Bf6 27. Bh6 Bg7 28. Bxg7 Qxg7 29. c4 f4 30. h3 g5 31. Nh2 Nf6 32. Qb2 Ne4 33. Qxg7+ Kxg7 34. Nf3 h6 35. Nd4 Kf6 36. c5 Ke5 37. Nf3+ Kf6 38. Bxe4 Rxe4 39. cxd6 cxd6 40. Rc7 Bb5 41. Rxb7 Rxb4 42. Rb6 Ke7 43. Nd2 Ra4 44. Kh2 Rxa5 45. Ne4 Ra2 46. h4 g4 47. Rb7+ Kd8 48. Nxd6 Rxf2 49. Nxb5 axb5 50. Kg1 Rb2 51. d6 g3 52. Kf1 Rf2+ 53. Kg1 Rb2 54. Kf1 b4 55. h5 b3 56. Ke1 Rxg2 57. Rxb3 Rh2 58. Kf1 Rxh5 59. Rf3 Rf5 60. Kg2 Kd7 61. Rd3 h5 62. Kf3 h4 63. Rd1 h3 64. Kg4 h2 65. Kf3 Rf6 66. Rh1 Rxd6 67. Rb1 Rd4 68. Rc1 Ke6 69. Ra1 Ke5 70. Ra5+ Rd5 71. Ra1 Rd3+ 72. Kg2 Kf5 73. Kh1 Kg4 74. Rb1 Rc3 75. Rf1 Kh3 76. Rf2 Rc1+ 77. Rf1 Rxf1# 0-1


[Site "https://www.chess.com"]

[Event "Titled Tuesday Blitz August 22 Early 2023"]
[White "Shoker, Samy"]
[Black "Santos Flores, Alberto"]
[WhiteFideId "627143"]
[BlackFideId "3601234"]
[WhiteElo "2713"]
[BlackElo "2570"]
[Result "1-0"]
[Round "8"]
[TimeControl "180+1"]
[Date "2023.08.22"]
[WhiteClock "0:00:59"]
[BlackClock "0:00:41"]
[Board "53"]

1. Nf3 d5 2. c4 c6 3. b3 Bf5 4. Bb2 Nd7 5. g3 h6 6. Bg2 Ngf6 7. O-O e6 8. d3 Be7 9. Nbd2 O-O 10. a3 a5 11. Ra2 Bh7 12. Qa1 b5 13. Rc1 Qb6 14. cxb5 cxb5 15. Bd4 Qb7 16. Rac2 Rfc8 17. Ne5 Nxe5 18. Bxe5 Rxc2 19. Rxc2 Rc8 20. Rxc8+ Qxc8 21. Qb2 Qc5 22. a4 b4 23. Bd4 Qc7 24. e4 dxe4 25. dxe4 Ne8 26. Nc4 Bf6 27. Bxf6 Nxf6 28. Qd4 Bg6 29. f3 Nd7 30. Bf1 Kh7 31. Kf2 e5 32. Qd5 f6 33. Ke1 Nb6 34. Qxa5 Na8 35. Qxc7 Nxc7 36. Nb6 Bf7 37. Bc4 Bxc4 38. Nxc4 Na6 39. Kd2 Kg6 40. Nb6 Nc5 41. Kc2 Kf7 42. Nd5 Na6 43. Kd3 f5 44. Kc4 fxe4 45. fxe4 Ke6 46. Nxb4 Nc7 47. Nd3 Ne8 48. Nc5+ Kd6 49. b4 Nf6 50. a5 Kc6 51. b5+ Kc7 52. b6+ Kc6 53. b7 Kc7 54. a6 Ne8 55. Kd5 Kb8 56. Nd7+ 1-0


[Site "https://www.chess.com"]

[Event "Titled Tuesday Blitz August 22 Early 2023"]
[White "Zhao, Jun"]
[Black "Postlmayer, Jakob"]
[WhiteFideId "8602522"]
[BlackFideId "1643622"]
[WhiteElo "2701"]
[BlackElo "2565"]
[Result "1-0"]
[Round "8"]
[TimeControl "180+1"]
[Date "2023.08.22"]
[WhiteClock "0:01:59"]
[BlackClock "0:00:09"]
[Board "54"]

1. e4 c5 2. Nf3 d6 3. d4 cxd4 4. Nxd4 Nf6 5. Nc3 a6 6. Bg5 e6 7. Qe2 Be7 8. h4 h6 9. Bd2 b5 10. a3 Bb7 11. O-O-O Nbd7 12. g4 Ne5 13. Rg1 Rc8 14. g5 hxg5 15. hxg5 Nfd7 16. g6 Nxg6 17. Rxg6 fxg6 18. Nxe6 Qb6 19. Nd5 Bxd5 20. exd5 Nf8 21. Nxg7+ Kf7 22. Ne6 Bf6 23. Qe4 Rh4 24. f4 Re8 25. Bd3 Rh6 26. f5 gxf5 27. Qxf5 Rg6 28. Rf1 Rxe6 29. dxe6+ Ke7 30. Bc3 Qe3+ 31. Kb1 Qg5 32. Qxg5 Bxg5 33. Bxg6 Nxg6 34. Rg1 1-0


[Site "https://www.chess.com"]

[Event "Titled Tuesday Blitz August 22 Early 2023"]
[White "Moral Garcia, Serafin"]
[Black "Skliarov, Viktor"]
[WhiteFideId "2201925"]
[BlackFideId "14106736"]
[WhiteElo "2553"]
[BlackElo "2697"]
[Result "1-0"]
[Round "8"]
[TimeControl "180+1"]
[Date "2023.08.22"]
[WhiteClock "0:00:16"]
[BlackClock "0:00:04"]
[Board "55"]

1. e4 c5 2. Nf3 Nc6 3. Bb5 e6 4. O-O Nge7 5. Re1 Nd4 6. Bf1 Nec6 7. c3 Nxf3+ 8. Qxf3 Be7 9. Na3 O-O 10. Nc2 b6 11. d4 cxd4 12. cxd4 Bb7 13. Bd3 Nb4 14. Nxb4 Bxb4 15. Re2 f5 16. Bf4 fxe4 17. Bxe4 Bxe4 18. Qxe4 Qf6 19. Be5 Qf5 20. Qxf5 Rxf5 21. Rc1 Rf7 22. a3 Bf8 23. Bg3 h6 24. Rc7 a6 25. h3 b5 26. Rec2 Kh7 27. Rb7 g5 28. Rcc7 Rd8 29. Be5 Kg6 30. Ra7 h5 31. Rxa6 d6 32. Rxf7 Kxf7 33. Bg3 d5 34. Rb6 h4 35. Be5 Rc8 36. Rxb5 Rc1+ 37. Kh2 Rc2 38. f3 Kg6 39. a4 Rc1 40. a5 Ra1 41. Rb8 Be7 42. b4 Ra4 43. Rb7 Bxb4 44. a6 Bd2 45. a7 Ra1 46. Bd6 Be3 47. g4 Ra2+ 48. Kh1 Ra1+ 49. Kg2 Rg1+ 50. Kh2 Ra1 51. Bc5 Ra2+ 52. Kh1 Ra1+ 53. Kg2 Rg1+ 54. Kh2 Ra1 55. Rb8 Bf4+ 56. Kg2 Ra2+ 57. Kf1 Rxa7 58. Bxa7 Bxb8 59. Bxb8 Kf7 60. Ke2 1-0


[Site "https://www.chess.com"]

[Event "Titled Tuesday Blitz August 22 Early 2023"]
[White "Jaskolka, Tomasz"]
[Black "KarolKacprzak"]
[WhiteFideId "1170791"]
[WhiteElo "2547"]
[BlackElo "2695"]
[Result "0-1"]
[Round "8"]
[TimeControl "180+1"]
[Date "2023.08.22"]
[WhiteClock "0:00:09"]
[BlackClock "0:00:14"]
[Board "56"]

1. e4 c5 2. Nf3 d6 3. Bb5+ Bd7 4. a4 Nf6 5. d3 Nc6 6. Nc3 g6 7. O-O Bg7 8. Re1 O-O 9. Bg5 h6 10. Bh4 e5 11. Nd5 g5 12. Nxf6+ Qxf6 13. Bg3 a6 14. Bc4 Bg4 15. c3 Be6 16. Nd2 Qg6 17. Qb3 Na5 18. Qb6 Nxc4 19. Nxc4 Rfd8 20. Ne3 Rab8 21. f3 h5 22. Kh1 Bf6 23. b4 cxb4 24. cxb4 Rd7 25. Nc4 h4 26. Bf2 h3 27. g4 Be7 28. Rac1 Qf6 29. Qe3 Bd8 30. Rf1 b5 31. axb5 Rxb5 32. Be1 Bc7 33. Bd2 Bd8 34. Rg1 d5 35. Na3 Rb8 36. Rg3 Bb6 37. Qxg5+ Qxg5 38. Bxg5 dxe4 39. Bf6 Bd8 40. Bxe5 Rxb4 41. fxe4 f6 42. Ba1 Rb3 43. Rxh3 Rxa3 44. g5 Raxd3 45. Rh6 Rd1+ 46. Rxd1 Rxd1+ 47. Kg2 Rxa1 48. gxf6 Kf7 49. Rh7+ Kxf6 50. Ra7 Ba5 51. Rxa6 Ra2+ 52. Kf3 Bc3 53. Rc6 Be5 54. h4 Rh2 55. Ra6 Rh3+ 56. Kg2 Rxh4 57. Ra4 Rf4 58. Kg3 Rxe4+ 59. Kf2 Rxa4 60. Kf3 Bf5 61. Ke3 Ra3+ 62. Kf2 Bd4+ 63. Kg2 Be4+ 64. Kh2 Bb1 65. Kg2 Re3 66. Kh2 Kg5 67. Kg2 Kg4 68. Kf1 Bd3+ 69. Kg2 Re2+ 70. Kh1 Be4# 0-1


[Site "https://www.chess.com"]

[Event "Titled Tuesday Blitz August 22 Early 2023"]
[White "Pert, Richard G"]
[Black "Miszler, Levente"]
[WhiteFideId "404748"]
[BlackFideId "763276"]
[WhiteElo "2684"]
[BlackElo "2519"]
[Result "1-0"]
[Round "8"]
[TimeControl "180+1"]
[Date "2023.08.22"]
[WhiteClock "0:00:47"]
[BlackClock "0:01:15"]
[Board "57"]

1. d4 Nf6 2. Bg5 d5 3. e3 c5 4. Bxf6 gxf6 5. dxc5 e5 6. Nc3 Be6 7. Bb5+ Nc6 8. Qf3 Bxc5 9. O-O-O Qa5 10. Qxf6 Rg8 11. Nf3 Bb4 12. Nxd5 Bxd5 13. Rxd5 Qxa2 14. Bxc6+ bxc6 15. Qxc6+ Kf8 16. c3 Kg7 17. Rxe5 Bxc3 18. Rg5+ Kf8 19. Qd6+ Ke8 20. Rxg8# 1-0


[Site "https://www.chess.com"]

[Event "Titled Tuesday Blitz August 22 Early 2023"]
[White "Janaszak, Dawid"]
[Black "Korchmar, Vasiliy"]
[WhiteFideId "1119206"]
[BlackFideId "24131750"]
[WhiteElo "2508"]
[BlackElo "2680"]
[Result "0-1"]
[Round "8"]
[TimeControl "180+1"]
[Date "2023.08.22"]
[WhiteClock "0:00:00"]
[BlackClock "0:00:20"]
[Board "58"]

1. Nf3 d5 2. d4 Nf6 3. Bf4 c5 4. e3 Nc6 5. Nbd2 cxd4 6. exd4 Qb6 7. Nb3 Bg4 8. h3 Bh5 9. Be2 e6 10. O-O Be7 11. a4 a6 12. a5 Qd8 13. Ne1 Bxe2 14. Qxe2 O-O 15. Nd3 Ne4 16. Rfe1 Rc8 17. c3 Re8 18. f3 Nd6 19. Ndc5 Bh4 20. Red1 Re7 21. Nc1 Nc4 22. b4 e5 23. dxe5 N6xe5 24. Qc2 Qd6 25. Qf5 Rce8 26. N1d3 g6 27. Bxe5 Nxe5 28. Qf4 Bf6 29. Nf2 Qc6 30. Rac1 Nc4 31. Ng4 Bg7 32. Nh6+ Kf8 33. Ng4 h5 34. Nf2 Kg8 35. Qg5 Kh7 36. Rb1 Re2 37. Nfd3 Bh6 38. Qg3 Ne3 39. Nf4 Bxf4 40. Qxf4 Rxg2+ 41. Kh1 Kg8 42. Re1 Qc8 43. Qh4 Nf5 44. Qf6 Rge2 45. Rxe2 Rxe2 46. Rg1 h4 47. Rg2 Ng3+ 48. Kh2 Re1 49. Qxh4 Nf1+ 50. Kg1 Qe8 0-1


[Site "https://www.chess.com"]

[Event "Titled Tuesday Blitz August 22 Early 2023"]
[White "Gubajdullin, Alexei"]
[Black "WindWhistler11"]
[WhiteFideId "4141202"]
[WhiteElo "2678"]
[BlackElo "2481"]
[Result "1-0"]
[Round "8"]
[TimeControl "180+1"]
[Date "2023.08.22"]
[WhiteClock "0:02:14"]
[BlackClock "0:00:56"]
[Board "59"]

1. d4 Nf6 2. Nf3 e6 3. Bf4 c5 4. e3 b6 5. h3 Bb7 6. Nbd2 cxd4 7. exd4 d6 8. Be2 Be7 9. O-O O-O 10. a4 Nc6 11. c3 Re8 12. Nc4 Bf8 13. Bh2 Qc7 14. a5 b5 15. a6 bxc4 16. axb7 Qxb7 17. Bxc4 Qxb2 18. Qa4 Rec8 19. Ba6 Rc7 20. Rab1 Qxc3 21. Rfc1 Nxd4 22. Rxc3 Rxc3 23. Nxd4 Rb8 24. Rxb8 Rc1+ 25. Bf1 Ra1 26. Qxa1 1-0


[Site "https://www.chess.com"]

[Event "Titled Tuesday Blitz August 22 Early 2023"]
[White "Itgelt, Khuyagtsogt"]
[Black "Marn, Jan"]
[WhiteFideId "4902912"]
[BlackFideId "14619245"]
[WhiteElo "2660"]
[BlackElo "2504"]
[Result "1-0"]
[Round "8"]
[TimeControl "180+1"]
[Date "2023.08.22"]
[WhiteClock "0:00:40"]
[BlackClock "0:00:10"]
[Board "60"]

1. d4 e6 2. c4 f5 3. g4 fxg4 4. e4 d5 5. e5 c5 6. Nc3 Nc6 7. cxd5 exd5 8. Bb5 Be6 9. Nge2 Qb6 10. Nf4 cxd4 11. Nxe6 dxc3 12. bxc3 Ne7 13. Be3 Qa5 14. O-O Kd7 15. Nc5+ Kc8 16. Qxg4+ Kb8 17. Rab1 d4 18. Bxc6 Qxc5 19. Rxb7# 1-0


[Site "https://www.chess.com"]